 Dungeon Crawl Stone Soup version 0.29.1-15-g9cfb28693d (webtiles) character file.

Game seed: 9326570250989107420

24 hawla the Firebug (level 3, 0/26 HPs)
             Began as a Meteoran Fire Elementalist on Apr 25, 2023.
             Slain by a gnoll
             ... wielding a +0 spear
              (10 damage)
             ... on level 2 of the Dungeon.
             The game lasted 00:00:38 (66 turns).

hawla the Firebug (Meteoran Fire Elementalist)        Turns: 66, Time: 00:00:39

Health: 0/26       AC:  2    Str: 10    XL:     3   Next: 32%
Magic:  1/8        EV: 12    Int: 18    God:
Gold:   0          SH:  0    Dex: 14    Spells: 7/8 levels left

rFire   . . .      SeeInvis .   (no weapon)
rCold   . . .      Faith    .   (no shield)
rNeg    . . .      Spirit   .   a - +0 robe
rPois   .          Reflect  .   (no helmet)
rElec   .          Harm     .   (no cloak)
rCorr   .          Rampage  .   (no gloves)
Will    .....                   (no boots)
Stlth   +.........              (no amulet)
HPRegen 0.08/turn               (no ring)
MPRegen 0.11/turn               (no ring)

@: glowing
A: sense surroundings 1, otherworldly, glowing, explore regen
a: no special abilities


You were on level 2 of the Dungeon.
You visited 1 branch of the dungeon, and saw 2 of its levels.

Inventory:

Armour
 a - a +0 robe (worn)


   Skills:
 + Level 2.7 Dodging
 - Level 1.4 Stealth
 + Level 3.3 Spellcasting
 + Level 1.3 Conjurations
 + Level 4.3 Fire Magic


You had 7 spell levels left.
You knew the following spells:

 Your Spells              Type           Power      Damage    Failure   Level
a - Foxfire               Conj/Fire      52%        2x1d6     4%          1

Your spell library contained the following spells:

 Spells                   Type           Power      Damage    Failure   Level
 Scorch                   Fire           36%        2d6       4%          2
 Conjure Flame            Conj/Fire      13%        6-21      16%         3
 Inner Flame              Hex/Fire       10%        N/A       19%         3
 Flame Wave               Conj/Fire      13%        2d6       45%         4


Dungeon Overview and Level Annotations

Branches:
Dungeon (2/15) Zot: 1133

Altars:


Innate Abilities, Weirdness & Mutations

You passively map a small area around you.
You are easily found by Zot.
You glow in the dark.
You regain HP and MP as you explore.


Message History

You conjure some foxfire!
The foxfire hits the endoplasm.
The endoplasm is almost dead.
The foxfire hits the endoplasm.
You kill the endoplasm!
The gnoll hits you from afar with a +0 spear!
Casting: Foxfire (safe; 4% risk of failure)
Confirm with . or Enter, or press ? or * to list all spells.
You miscast Foxfire.
You are very lightly contaminated with residual magic.
Nothing appears to happen.
The foxfire hits the gnoll.
The gnoll is moderately wounded.
The foxfire hits the gnoll.
The gnoll is lightly wounded.
The gnoll hits you from afar with a +0 spear.
The gnoll throws a throwing net.
The throwing net closely misses you.
Found a scroll labelled DEUCSA EQIUF.
You see here a throwing net.
A bat comes into view.
Your magical contamination has completely faded away.
Casting: Foxfire (safe; 4% risk of failure)
Confirm with . or Enter, or press ? or * to list all spells.
You conjure some foxfire!
The gnoll closely misses you.
The gnoll hits you from afar with a +0 spear!
Casting: Foxfire (safe; 4% risk of failure)
Confirm with . or Enter, or press ? or * to list all spells.
You conjure some foxfire!
The foxfire hits the gnoll.
The gnoll is heavily wounded.
The foxfire hits the gnoll.
The gnoll is almost dead.
The bat hits you but does no damage. x2; The gnoll closely misses you.
The gnoll misses you.
Casting: Foxfire (safe; 4% risk of failure)
Confirm with . or Enter, or press ? or * to list all spells.
You conjure some foxfire!
The foxfire hits the bat.
The bat is severely wounded.
The foxfire hits the bat but does no damage.
The bat is severely wounded.
The bat closely misses you.
The gnoll hits you from afar with a +0 spear!
You die...

.............##. * *
.....?...........# ,,
.................# . ,
..#..).......$...#, ..
, .................#
,... *
........<.......b# ....
,
#................#.....
,
.............gv.?......
......)......gv@.# ,,,
.....$.....####ยง##, ,
, , ..........## #... ,
, ,.#.......... #####,
, , ............# *
#...........# , ,
#...........# , *
#)........... * *


You could see 2 gnolls and a bat.

Vanquished Creatures
  2 gnolls (D:2)
  2 endoplasms (D:2)
  A frilled lizard (D:1)
  A rat (D:2)
6 creatures vanquished.

Vanquished Creatures (others)
  23 foxfires
23 creatures vanquished.

Grand Total: 29 creatures vanquished

Notes
Turn   | Place    | Note
-------+----------+-------------------------------------------
     0 | D:1      | hawla the Meteoran Fire Elementalist began the quest for
                  | the Orb.
     0 | D:1      | Reached XP level 1. HP: 14/14 MP: 5/5
    44 | D:2      | Reached skill level 4 in Fire Magic
    44 | D:2      | Reached XP level 2. HP: 20/20 MP: 2/7
    54 | D:2      | Reached XP level 3. HP: 26/26 MP: 6/8
    66 | D:2      | Slain by a gnoll

Illustrated notes

Levels and vault maps discovered:
D:1:      dpeg_arrival_boxes_within_box, layout_basic
D:2:      layout_rooms

Skill      XL: |  1 |
---------------+----+-----
Spellcasting   | 3 |  3.3
Fire Magic     | 4 |  4.3
Dodging        | |  2.7
Stealth        | |  1.4
Conjurations   | |  1.3

Action                   || total
-------------------------++-------
 Cast: Foxfire           ||    13
  Use: Potion            ||     1
Armor: Robe              ||     2
Dodge: Dodged            ||     6
